 Dungeon Crawl Stone Soup version 0.25.0-11-g1f837a76a1 (webtiles) character file.

Game seed: 6796284485335692328

332 Peloso the Slasher (level 6, -4/53 HPs)
             Began as a Minotaur Fighter on June 27, 2020.
             Splashed by a jelly's acid (8 damage)
             ... on level 4 of the Dungeon.
             The game lasted 00:08:55 (3003 turns).

Peloso the Slasher (Minotaur Fighter)               Turns: 3003, Time: 00:08:57

Health: -4/53      AC: -7    Str: 21    XL:     6   Next: 26%
Magic:  5/5        EV:  4    Int:  5    God:
Gold:   83         SH: 10    Dex: 11    Spells: 5/5 levels left

rFire    . . .     SeeInvis .   a - +0 long sword
rCold    . . .     Gourm    .   c - +0 kite shield
rNeg     . . .     Faith    .   e - +0 plate armour
rPois    .         Spirit   .   (helmet restricted)
rElec    .         Reflect  .   m - scarf {repulsion}
rCorr    .         Harm     .   (no gloves)
MR       .....                  (no boots)
Stlth    ..........             (no amulet)
HPRegen  0.17/turn              (no ring)
MPRegen  0.09/turn              (no ring)

@: corroded, repel missiles
A: retaliatory headbutt, horns 2
a: no special abilities


You were on level 4 of the Dungeon.
You were not hungry.

You visited 1 branch of the dungeon, and saw 4 of its levels.

You collected 83 gold pieces.

Inventory:

Hand Weapons
 a - a +0 long sword (weapon)
Armour
 b - a +0 scale mail
 c - a +0 kite shield (worn)
 e - a +0 plate armour (worn)
 m - a scarf of repulsion (worn)
Scrolls
 d - a scroll of magic mapping {unknown}
 g - 2 scrolls of identify {unknown}
 i - a scroll of amnesia {unknown}
 j - a scroll of remove curse {unknown}
 l - a scroll of blinking {unknown}
 o - a scroll of enchant weapon {unknown}
Potions
 k - a potion of stabbing
 n - a potion of degeneration {unknown}
Comestibles
 f - 5 rations
 h - 2 chunks of flesh


   Skills:
 + Level 4.6 Fighting
 + Level 5.5 Long Blades
 + Level 4.7 Armour
 + Level 0.6 Dodging
 + Level 0.1 Stealth
 + Level 5.3 Shields


You had 5 spell levels left.
You didn't know any spells.
Your spell library was empty.

Dungeon Overview and Level Annotations

Branches:
Dungeon (4/15)
 Temple: D:4-7

Altars:
Cheibriados
Trog
The Shining One


Innate Abilities, Weirdness & Mutations

You reflexively headbutt those who attack you in melee.
You have a pair of horns on your head.


Message History

The jelly is severely wounded.
The jelly hits you but does no damage.
You completely miss the jelly.
You headbutt the jelly, but do no damage.
The jelly is severely wounded.
The jelly hits you but does no damage.
You slash the jelly! The acid corrodes you!
Your hands burn!
The jelly is almost dead.
The jelly hits you. The acid corrodes you!
You are splashed with acid!
You hit the jelly but do no damage.
Your hands burn!
The jelly is almost dead.
The jelly hits you. The acid corrodes you!
You are splashed with acid!
* * * LOW HITPOINT WARNING * * *
You hit the jelly but do no damage.
Your hands burn!
* * * LOW HITPOINT WARNING * * *
The jelly is almost dead.
The jelly hits you.
* * * LOW HITPOINT WARNING * * *
The acid corrodes you!
You are splashed with acid!
You die...

###### #..##.... # #....##
##..#.##.##.# . .....
#.....###......#..#.#.. .....
##..................... #.....
#......##.............. ##.....
##.<...(.#............####......
#....#.##.....#5Z##.............
##...####...###J## ##...........
##### ###.###@# #...##.......
#>..#.####......รท...##
##......#...........#
##......#..##..##..###
#....#....##.........#
##...#.#...#....#.....
#.#####.......##.#... ###
#.......##.#... ###.......#....#


You could see a jelly, a crimson imp and a hobgoblin zombie.

Vanquished Creatures
  An ogre (D:3)
  A jelly (D:3)
  An orc wizard (D:3)
  6 adders
  3 gnolls (D:2)
  An ooze (D:1)
  A worm (D:2)
  4 dart slugs
  A leopard gecko (D:3)
  6 orcs (D:3)
  A ball python (D:2)
  4 giant cockroaches
  12 goblins
  10 hobgoblins
  11 jackals
  2 quokkas
  5 bats
  2 frilled lizards (D:2)
  A goblin skeleton (D:4)
  2 hobgoblin zombies (D:4)
  3 kobolds
  A kobold skeleton (D:4)
  A kobold zombie (D:4)
  10 rats
90 creatures vanquished.

Notes
Turn   | Place    | Note
-------+----------+-------------------------------------------
     0 | D:1      | Peloso the Minotaur Fighter began the quest for the Orb.
     0 | D:1      | Reached XP level 1. HP: 19/19 MP: 0/0
    60 | D:1      | Reached XP level 2. HP: 26/27 MP: 1/1
   346 | D:1      | Reached XP level 3. HP: 33/33 MP: 2/2
   917 | D:2      | Found a snail-covered altar of Cheibriados.
   961 | D:2      | Reached XP level 4. HP: 12/40 MP: 3/3
  1943 | D:3      | Noticed an ogre
  1988 | D:3      | Killed an ogre
  1988 | D:3      | Reached XP level 5. HP: 5/47 MP: 4/4
  2329 | D:3      | Reached skill level 5 in Shields
  2343 | D:3      | Reached skill level 5 in Long Blades
  2472 | D:3      | Reached XP level 6. HP: 53/53 MP: 5/5
  2637 | D:3      | Noticed a moth of wrath
  2640 | D:3      | Found a bloodstained altar of Trog.
  2988 | D:4      | Found a glowing golden altar of the Shining One.
  3003 | D:4      | Splashed by a jelly's acid

Illustrated notes

Levels and vault maps discovered:
D:1:      lightli_arrival_noodles, layout_basic, minivault_27
D:2:      layout_basic, cheibriados_altar_1, minmay_misc_feat_square
D:3:      layout_rooms, tgw_trog
D:4:      layout_cave_pools, nicolae_tso_besieged_by_evil, first_ration,
          minmay_manual_mess, uniq_pikel

Skill      XL: |  1  2  3  4  5 |
---------------+----------------+-----
Fighting       | 4 |  4.6
Shields        | 4 5 |  5.3
Long Blades    | 3 4 5 |  5.5
Armour         | 4 |  4.7
Dodging        | |  0.6
Stealth        | |  0.1

Action                   |  1- 3 |  4- 6 || total
-------------------------+-------+-------++-------
Melee: Long sword        |    93 |   137 ||   230
       Headbutt          |    12 |    28 ||    40
  Use: Potion            |     3 |     1 ||     4
  Eat: Chunk             |       |     7 ||     7
Armor: Scale mail        |    26 |       ||    26
       Plate armour      |    37 |    76 ||   113
Dodge: Dodged            |    10 |    24 ||    34
Block: Kite shield       |    53 |    87 ||   140
       Rpst.: Long sword |     4 |     7 ||    11
